 Dungeon Crawl Stone Soup version 0.17.0-9-g801d43b (console) character file.

445 Kloppie the Shield-Bearer (level 6, -5/56 HPs)
             Began as a Minotaur Fighter on Nov 10, 2015.
             Was an Initiate of Ru.
             Killed by divine providence
             ... invoked by an orc priest
              (13 damage)
             ... on level 7 of the Dungeon.
             The game lasted 00:06:45 (2208 turns).

Kloppie the Shield-Bearer (Minotaur Fighter)        Turns: 2208, Time: 00:06:45

Health: -5/56      AC: 12    Str: 21    XL:     6   Next: 72%
Magic:  5/5        EV:  4    Int:  5    God:    Ru [......]
Gold:   127        SH: 10    Dex: 11    Spells: 0 memorised, 5 levels left

rFire  . . .     SeeInvis .     a - +0 long sword
rCold  . . .     Clarity  .     n - +0 plate armour
rNeg   . . .     SustAt   .     c - +0 shield
rPois  .         Gourm    .     (helmet restricted)
rElec  .         Spirit   .     (no cloak)
rCorr  .         Warding  .     (no gloves)
rMut   .         Stasis   .     (no boots)
MR     .....                    (no amulet)
Stlth  ..........               (no ring)
                                (no ring)

@: not resistant to hostile enchantments, extremely unstealthy
A: retaliatory headbutt, horns 2
a: Renounce Religion


You were on level 7 of the Dungeon.
You worshipped Ru.
Ru was noncommittal.
You were not hungry.

You visited 1 branch of the dungeon, and saw 6 of its levels.

You collected 127 gold pieces.

Inventory:

Hand Weapons
 a - a +0 long sword (weapon)
 E - the +1 flail "Paupsemit" {elec, Int+2, unknown}
   (You found it on level 7 of the Dungeon)

   Occasionally, upon striking a foe, it will discharge some electrical energy
   and cause terrible harm.
   It affects your intelligence (+2).
Missiles
 B - 8 curare-tipped needles
Armour
 c - a +0 shield (worn)
 n - a +0 plate armour (worn)
Jewellery
 g - a cursed +2 ring of intelligence {unknown}
 o - an uncursed amulet of guardian spirit {unknown}
 A - a +6 ring of dexterity {unknown}
Wands
 t - a wand of slowing (20)
 w - a wand of heal wounds (6)
 y - a wand of flame (31)
Scrolls
 b - a scroll of enchant armour {unknown}
 f - 2 scrolls of remove curse {unknown}
 j - 7 scrolls of teleportation {unknown}
 l - a scroll of random uselessness {unknown}
 p - 4 scrolls of fog {unknown}
 q - 2 scrolls of identify {unknown}
 r - 2 scrolls of magic mapping {unknown}
 u - a scroll of amnesia {unknown}
Potions
 h - a potion of cancellation {unknown}
 k - 2 potions of curing {unknown}
 v - a potion of flight {unknown}
 z - 2 potions of agility {unknown}
 C - a potion of brilliance {unknown}
Books
 x - a book of Summonings

   Spells                             Type                      Level
   a - Recall                         Summoning/Translocation      3
   b - Aura of Abjuration             Summoning                    5
   c - Shadow Creatures               Summoning                    5
   d - Summon Demon                   Summoning                    5
   e - Summon Forest                  Summoning/Translocation      5
   f - Summon Mana Viper              Hexes/Summoning              5
Comestibles
 e - 4 bread rations
 i - 9 fruits
 m - 2 meat rations
 s - 6 chunks of flesh
 D - a royal jelly


   Skills:
 + Level 5.2 Fighting
 + Level 5.1 Long Blades
 + Level 5.5 Armour
 + Level 5.5 Shields


You had 5 spell levels left.
You didn't know any spells.

Dungeon Overview and Level Annotations

Branches:
Dungeon (7/15)
 Temple: D:4-7

Altars:
Ru
Xom
Zin


Innate Abilities, Weirdness & Mutations

You reflexively headbutt those who attack you in melee.
You have a pair of horns on your head.


Message History

You block the orc priest's attack.
The orc shouts!
You hit the orc warrior but do no damage.
Your headbutt misses the orc warrior.
The orc warrior is moderately wounded.
The orc warrior hits you with a glaive.
* * * LOW HITPOINT WARNING * * *
The orc priest hits you with a flail.
* * * LOW HITPOINT WARNING * * *
You hit the orc warrior. Your headbutt misses the orc warrior.
The orc warrior is moderately wounded.
The orc warrior hits you with a glaive.
* * * LOW HITPOINT WARNING * * *
The orc priest hits you but does no damage.
You slash the orc warrior!
The orc warrior is heavily wounded.
You block the orc warrior's attack.
The orc priest mumbles some strange prayers to Beogh against you.
Something smites you!
You die...

#.# #.....#.#.#
#.# #.....#.#.#
#.#####.....#.#
#..).((.....#.#
#######.......#
#.......# .
#.......# ...
#.......###.....
#...)<..@o......
#....##.o##.....
..........o# ...
..#....###..# .
..#.... ##.#
...... ..
..##### #.. ..
..o


You could see an orc warrior, an orc priest and an orc.

Vanquished Creatures
  An orc warrior (D:7)
  A centaur (D:7)
  A giant frog (D:7)
  Ijyb (D:2)
  A jelly (D:7)
  Jessica (D:2)
  A worker ant (D:4)
  Robin (D:2)
  4 adders
  A worm (D:2)
  4 giant geckos
  3 giant cockroaches
  4 hobgoblins (D:2)
  3 kobolds
  6 bats
  5 giant newts
  23 goblins
  3 jackals (D:2)
  6 rats
70 creatures vanquished.

Notes
Turn   | Place    | Note
--------------------------------------------------------------
     0 | D:1      | Kloppie the Minotaur Fighter began the quest for the Orb.
     0 | D:1      | Reached XP level 1. HP: 19/19 MP: 0/0
   341 | D:1      | Reached XP level 2. HP: 26/26 MP: 1/1
   763 | D:2      | Noticed Jessica
   765 | D:2      | Killed Jessica
   765 | D:2      | Reached skill level 4 in Shields
   765 | D:2      | Reached XP level 3. HP: 31/33 MP: 2/2
   949 | D:2      | Noticed Robin
   967 | D:2      | Killed Robin
   967 | D:2      | Reached XP level 4. HP: 35/40 MP: 3/3
  1412 | D:2      | Noticed Ijyb
  1423 | D:2      | Killed Ijyb
  1612 | D:3      | Reached XP level 5. HP: 44/46 MP: 4/4
  1817 | D:3      | Found a shimmering altar of Xom.
  1965 | D:4      | Found a sacrificial altar of Ru.
  2000 | D:4      | Became a worshipper of Ru the Awakened
  2032 | D:4      | Reached skill level 5 in Shields
  2062 | D:4      | You fall through a shaft for 3 floors!
  2069 | D:7      | Noticed a centaur
  2080 | D:7      | Reached skill level 5 in Armour
  2084 | D:7      | Killed a centaur
  2084 | D:7      | Reached XP level 6. HP: 46/55 MP: 5/5
  2090 | D:7      | Reached skill level 5 in Fighting
  2099 | D:7      | Got an encrusted flail
  2135 | D:6      | Found a glowing silver altar of Zin.
  2168 | D:7      | Reached skill level 5 in Long Blades
  2208 | D:7      | Killed from afar by an orc priest

Action                   |  1- 3 |  4- 6 || total
-------------------------+-------+-------++-------
Melee: Long sword        |   107 |   161 ||   268
  Use: Potion            |       |     1 ||     1
  Eat: Chunk             |       |     5 ||     5
